 Dungeon Crawl Stone Soup version 0.28-a0-563-gf77a47075d (webtiles) character file.

Game seed: 4539630073638907682

98 avis the Chopper (level 4, -4/41 HPs)
             Began as a Hill Orc Monk on Sept 30, 2021.
             Killed by nerve-wracking pain
             ... invoked by Grinder
              (7 damage)
             ... on level 3 of the Dungeon.
             The game lasted 00:06:24 (2251 turns).

avis the Chopper (Hill Orc Monk)                    Turns: 2251, Time: 00:06:25

Health: -4/41      AC: 16    Str: 14    XL:     4   Next: 69%
Magic:  4/4        EV:  5    Int: 10    God:
Gold:   73         SH:  3    Dex: 13    Spells: 3/3 levels left

rFire   . . .      SeeInvis .   b - +3 mace (protect)
rCold   . . .      Faith    .   q - +0 buckler
rNeg    . . .      Spirit   .   d - +0 chain mail
rPois   .          Reflect  .   (no helmet)
rElec   .          Harm     .   (no cloak)
rCorr   .          Rampage  .   (no gloves)
Will    .....                   r - +0 pair of boots
Stlth   ..........              (no amulet)
HPRegen 0.13/turn               (no ring)
MPRegen 0.09/turn               (no ring)

@: under a protective aura
A: no striking features
a: no special abilities


You were on level 3 of the Dungeon.
You visited 1 branch of the dungeon, and saw 3 of its levels.

You collected 73 gold pieces.

Inventory:

Hand Weapons
 a - a +0 hand axe
 b - a +3 mace of protection (weapon)
 w - a +2 vampiric dagger
Missiles
 h - 44 stones (quivered)
 o - 23 sling bullets
Armour
 d - a +0 chain mail (worn)
 q - a +0 buckler (worn)
 r - a +0 pair of boots (worn)
 t - a +0 buckler
Jewellery
 j - an amulet of faith
 m - an amulet of magic regeneration
Scrolls
 c - a scroll of magic mapping {unknown}
 e - a scroll of immolation {unknown}
 l - 2 scrolls of identify {unknown}
 n - a scroll of teleportation {unknown}
 p - a scroll of summoning {unknown}
 s - a scroll of enchant armour {unknown}
Potions
 f - a potion of berserk rage {unknown}
 g - a potion of might {unknown}
 i - a potion of curing {unknown}
 k - a potion of magic {unknown}
 u - 2 potions of cancellation {unknown}


   Skills:
 + Level 4.6 Fighting
 * Level 6.2 Axes
 - Level 2.4 Dodging
 - Level 1.5 Stealth
 + Level 0.2 Shields


You had 3 spell levels left.
You didn't know any spells.
Your spell library contained the following spells:

 Spells                   Type           Power      Damage    Failure   Level
 Frozen Ramparts          Ice            0%         1d2       100%        3
 Ice Form                 Ice/Tmut       0%         N/A       100%        4
 Summon Ice Beast         Ice/Summ       0%         N/A       100%        4


Dungeon Overview and Level Annotations

Branches:
Dungeon (3/15)

Altars:

Annotations:
D:3 Grinder


Message History

Grinder is heavily wounded.
Grinder gestures at you. You resist with significant effort.
You sock Grinder!
Grinder is severely wounded.
Grinder gestures at you.
You suddenly lose the ability to move!
Grinder barely misses you. Grinder hits you but does no damage. x3
Grinder hits you. Grinder hits you.
You writhe in agony.
Grinder hits you.
You writhe in agony.
You can move again.
You hit Grinder.
Your weapon exudes an aura of protection.
Grinder is severely wounded.
You block Grinder's attack.
You hit Grinder.
Grinder is almost dead.
Grinder gestures at you. You resist with significant effort.
You completely miss Grinder.
Grinder is almost dead.
Grinder gestures at you. Pain shoots through your body!
* * * LOW HITPOINT WARNING * * *
You barely miss Grinder.
Grinder is severely wounded.
Grinder gestures at you. Pain shoots through your body!
* * * LOW HITPOINT WARNING * * *
Grinder hits you but does no damage.
You barely miss Grinder.
Grinder is severely wounded.
Grinder hits you but does no damage.
You hit Grinder.
Your weapon exudes an aura of protection.
Grinder is almost dead.
Grinder gestures at you. Pain shoots through your body!
You die...

#..........#####.........
..............##.........
..............##.........
..............##.....?...
#.............##.........
#.............##.........
#.............##)........
#.............###5##
#...............@..#
####...............##
####.##.###...>.....#
.....†..##..........#
.###.#####..........#
..................###
.###.######+####^...#
.###'#..............#
.##................)##


You could see Grinder.

Vanquished Creatures
  3 adders
  2 dart slugs
  A worm (D:2)
  An orc (D:3)
  5 bats
  6 endoplasms
  2 giant cockroaches
  3 goblins
  7 hobgoblins
  8 jackals
  4 quokkas
  3 ball pythons
  2 frilled lizards (D:2)
  3 kobolds
  7 rats
57 creatures vanquished.

Notes
Turn   | Place    | Note
-------+----------+-------------------------------------------
     0 | D:1      | avis the Hill Orc Monk began the quest for the Orb.
     0 | D:1      | Reached XP level 1. HP: 19/19 MP: 1/1
   121 | D:1      | Reached XP level 2. HP: 27/27 MP: 2/2
   513 | D:1      | Reached skill level 5 in Axes
   687 | D:2      | Reached XP level 3. HP: 32/33 MP: 3/3
   801 | D:2      | Found a faded altar of an unknown god.
  1326 | D:2      | Reached XP level 4. HP: 41/41 MP: 4/4
  1761 | D:3      | Reached skill level 6 in Axes
  2221 | D:3      | Noticed Grinder
  2231 | D:3      | Paralysed by Grinder for 2 turns
  2239 | D:3      | Paralysed by Grinder for 7 turns
  2251 | D:3      | Killed from afar by Grinder

Illustrated notes

Levels and vault maps discovered:
D:1:      noname_arrival_rooms_in_the_neighbourhood, layout_rooms
D:2:      layout_loops_ring, basic_ecumenical_altar,
          chequers_hall_statues_corner_a
D:3:      layout_basic, slow_altar_2, kennysheep_minor_cross, uniq_grinder

Skill      XL: |  1  2  3  4 |
---------------+-------------+-----
Fighting       | 4 |  4.6
Axes           | 5 6 |  6.2
Dodging        | |  2.4
Stealth        | |  1.5
Shields        | |  0.2

Action                   |  1- 3 |  4- 6 || total
-------------------------+-------+-------++-------
Melee: Hand axe          |    76 |       ||    76
       Mace              |    35 |    71 ||   106
Armor: Chain mail        |    81 |    53 ||   134
Dodge: Dodged            |    37 |    14 ||    51
Block: Buckler           |       |     5 ||     5

Table legend: (Time is in decaauts)
 A = Elapsed time spent in this place.
 B = Non-inter-level travel time spent in this place.
 C = Inter-level travel time spent in this place.
 D = Time resting spent in this place.
 E = Time spent auto-exploring this place.
 F = Levels seen in this place.
 G = Mean time per level.
                   A        B        C        D        E       F      G
               +--------+--------+--------+--------+--------+-----+--------+
         Total |   2289 |   2170 |    119 |     84 |   1555 |   3 |  763.0 |
       Dungeon |   2289 |   2170 |    119 |     84 |   1555 |   3 |  763.0 |
               +--------+--------+--------+--------+--------+-----+--------+

Top non-repeatable levels by time:
     D:2: 891 daAuts
     D:1: 704 daAuts
     D:3: 693 daAuts
